 Dungeon Crawl Stone Soup version 0.29.0-4-gdea44cf6ec (webtiles) character file.

Game seed: 17846000313775176189

33 qw the Chopper (level 3, -5/21 HPs)
             Began as a Tengu Warper on Aug 28, 2022.
             Splashed by a jelly's acid (10 damage)
             ... on level 3 of the Dungeon.
             The game lasted 00:00:10 (2224 turns).

qw the Chopper (Tengu Warper)                       Turns: 2224, Time: 00:00:11

Health: -5/21      AC:  0    Str: 13    XL:     3   Next: 29%
Magic:  7/7        EV:  6    Int: 13    God:
Gold:   47         SH:  0    Dex: 13    Spells: 6/6 levels left

rFire   . . .      SeeInvis +   Y - +0 hand axe
rCold   . . .      Faith    .   (no shield)
rNeg    . . .      Spirit   .   j - +0 chain mail
rPois   .          Reflect  .   (helmet restricted)
rElec   .          Harm     .   (no cloak)
rCorr   .          Rampage  .   (no gloves)
Will    .....                   (boots unavailable)
Stlth   ..........              (no amulet)
HPRegen 0.07/turn               a - ring of see invisible
MPRegen 0.10/turn               (no ring)

@: corroded
A: beak, talons 3
a: no special abilities


You were on level 3 of the Dungeon.
You visited 1 branch of the dungeon, and saw 3 of its levels.

You collected 47 gold pieces.


Innate Abilities, Weirdness & Mutations

You have a beak for a mouth.
You have claws for feet.


   Skills:
 - Level 2.0 Fighting
 + Level 4.0 Axes
 - Level 1.0 Throwing
 - Level 1.1 Armour
 - Level 2.1 Dodging
 - Level 2.0 Spellcasting
 - Level 2.4 Translocations


You had 6 spell levels left.
You didn't know any spells.
Your spell library contained the following spells:

 Spells                   Type           Power      Damage    Failure   Level
 Blink                    Tloc           14%        N/A       99%         2
 Gell's Gravitas          Tloc           7%         N/A       100%        3
 Lesser Beckoning         Tloc           7%         N/A       100%        3
 Teleport Other           Tloc           7%         N/A       100%        3
 Manifold Assault         Tloc           7%         N/A       100%        5

Inventory:

Hand Weapons
 h - a +0 flail
 Y - a +0 hand axe (weapon)
Armour
 j - a +0 chain mail (worn)
Jewellery
 a - a ring of see invisible (left hand)
Potions
 b - a potion of degeneration {unknown}
 f - a potion of lignification {unknown}
 g - a potion of brilliance {unknown}
 l - a potion of invisibility {unknown}

Dungeon Overview and Level Annotations

Branches:
Dungeon (3/15)

Altars:


Message History

You start waiting.
You feel a strong urge to attack something.
You feel your anger nearly subside.
You are no longer berserk.
You are exhausted.
You feel yourself slow down.
HP restored.
You start waiting.
You feel yourself speed up.
You recover from your berserk rage.
Done waiting.
Done exploring.
2203 ||| DROPPING scroll of magic mapping.
You drop a scroll of magic mapping.
Done exploring.
2204 ||| DROPPING potion of berserk rage.
You drop a potion of berserk rage.
Done exploring.
(D) Dungeon
Where to? (* - list waypoints, Enter - D:2, ? - help)
What level of the Dungeon? (default 1, ? - help)
There is a stone staircase leading down here.
You climb downwards.
The jelly quivers.
Found a scroll labelled ROSINNUTIET.
There is a stone staircase leading up here.
A jelly is nearby!
Existing waypoints: (1) D:2 (2) D:1 Assign waypoint to what number? (0-9, D - delete waypoint) Waypoint 2 re-assigned from D:1 to D:3.
Enter note: You hit the jelly.
The acid corrodes you!
Your hands burn!
You claw the jelly, but do no damage.
The jelly is lightly wounded.
The jelly hits you. The acid corrodes you!
You are splashed with acid!
You hit the jelly. The acid corrodes you!
Your hands burn!
You peck the jelly, but do no damage.
The jelly is lightly wounded.
The jelly hits you.
You are splashed with acid!
You die...

##......#
#.......#
........#
#.......#
##.......#
........#
#J......#
#@......#
#........
#......##
.......#
.......#
.......?#
..#######
...


You could see a jelly.

Vanquished Creatures
  3 endoplasms
  3 giant cockroaches
  5 hobgoblins
  3 quokkas (D:1)
  2 ball pythons (D:1)
  A bat (D:2)
  3 frilled lizards
  3 goblins
  6 kobolds
  2 rats
31 creatures vanquished.

Notes
Turn   | Place    | Note
-------+----------+-------------------------------------------
     0 | D:1      | qw the Tengu Warper began the quest for the Orb.
     0 | D:1      | Reached XP level 1. HP: 12/12 MP: 4/4
     0 | D:1      | 0 ||| qw: Version: 0.1-a-89-g26bdef1
     0 | D:1      | 0 ||| qw: Game counter: 582
     0 | D:1      | 0 ||| qw: Always use a shield: true
     0 | D:1      | 0 ||| qw: God list: Okawaru
     0 | D:1      | 0 ||| qw: Allow faded altars: false
     0 | D:1      | 0 ||| qw: Do Orc after D:15 true
     0 | D:1      | 0 ||| qw: Do second Lair branch before Depths: true
     0 | D:1      | 0 ||| qw: Lair rune preference: random
     0 | D:1      | 0 ||| qw: Plans: Normal
     0 | D:1      | 0 ||| PLANNING D:1-11
    34 | D:1      | 34 ||| Stepping ~*~*~tactically~*~*~ (stealth).
   608 | D:1      | 608 ||| Stepping ~*~*~tactically~*~*~ (stealth).
   622 | D:1      | Reached XP level 2. HP: 17/17 MP: 6/6
   654 | D:1      | Reached skill level 3 in Axes
  1280 | D:1      | 1280 ||| DROPPING +0 whip.
  1357 | D:1      | 1357 ||| UPGRADING to +0 ring mail.
  1367 | D:1      | 1367 ||| DROPPING +0 leather armour.
  1368 | D:1      | 1368 ||| UPGRADING to +0 scale mail.
  1378 | D:1      | 1378 ||| DROPPING +0 ring mail.
  1379 | D:1      | 1379 ||| UPGRADING to +0 chain mail.
  1389 | D:1      | 1389 ||| DROPPING +0 scale mail.
  1390 | D:1      | 1390 ||| READING scroll labelled FUBRICESKO.
  1391 | D:1      | 1391 ||| READING scroll labelled ZUMUOZ POD USH.
  1518 | D:1      | 1518 ||| READING scroll labelled JOASMO SAEDGH.
  1519 | D:1      | 1519 ||| DROPPING scroll of blinking.
  1592 | D:2      | 1592 ||| Stepping ~*~*~tactically~*~*~ (stealth).
  1593 | D:2      | 1593 ||| Stepping ~*~*~tactically~*~*~ (stealth).
  1609 | D:2      | Reached XP level 3. HP: 21/21 MP: 7/7
  1711 | D:2      | 1711 ||| DROPPING +0 whip of electrocution.
  2001 | D:2      | 2001 ||| Stepping ~*~*~tactically~*~*~ (stealth).
  2004 | D:2      | 2004 ||| Stepping ~*~*~tactically~*~*~ (stealth).
  2006 | D:2      | 2006 ||| Stepping ~*~*~tactically~*~*~ (stealth).
  2012 | D:2      | Reached skill level 4 in Axes
  2085 | D:2      | Found a faded altar of an unknown god.
  2088 | D:2      | 2088 ||| UPGRADING to ring of see invisible.
  2089 | D:2      | 2089 ||| READING 2 scrolls labelled EMOTIA YMIR.
  2090 | D:2      | 2090 ||| READING scroll labelled PAETWE PUORULO.
  2095 | D:2      | 2095 ||| READING scroll labelled RALUIDW GOSHREC.
  2096 | D:2      | 2096 ||| READING scroll labelled YPLURPH MECSU.
  2097 | D:2      | 2097 ||| READING scroll labelled KILYAT UMEDAN.
  2098 | D:2      | 2098 ||| DRINKING 2 bubbling emerald potions.
  2203 | D:2      | 2203 ||| DROPPING scroll of magic mapping.
  2204 | D:2      | 2204 ||| DROPPING potion of berserk rage.
  2224 | D:3      | HP: 5/21 [jelly (2)]
  2224 | D:3      | Splashed by a jelly's acid

Levels and vault maps discovered:
D:1:      scummos_arrival_checkerplants, layout_basic, dreamdust_princess_bridge
D:2:      layout_rooms, hellmonk_ecumenical_altar_prayer_group,
          hangedman_decor_riveting
D:3:      layout_basic, minmay_misc_feat_x, st_stairs_4

Skill      XL: |  1  2  3 |
---------------+----------+-----
Axes           | 3 4 |  4.0
Fighting       | |  2.0
Throwing       | |  1.0
Armour         | |  1.1
Dodging        | |  2.1
Spellcasting   | |  2.0
Translocations | |  2.4

Action                   || total
-------------------------++-------
Melee: Hand axe          ||    70
       Kick              ||    15
       Peck              ||     8
Throw: Boomerang         ||     7
  Use: Scroll            ||     8
       Potion            ||     1
Armor: Leather armour    ||     4
       Chain mail        ||    17
Dodge: Dodged            ||    22

Table legend:
 A = Non-vault XP
 B = Vault XP
 C = Vault XP percentage of total XP
 D = Non-vault monster count
 E = Vault monster count
 F = Vault count percentage of total count
                 A         B        C        D         E       F
            +---------+---------+-------+---------+---------+-------
      Total |      42 |       6 |  12.5 |      27 |       4 |  12.9
            +---------+---------+-------+---------+---------+-------
        D:1 |      30 |       0 |   0.0 |      19 |       0 |   0.0
        D:2 |      12 |       6 |  33.3 |       8 |       4 |  33.3
            +---------+---------+-------+---------+---------+-------
